 Dungeon Crawl Stone Soup version 0.31-a0-700-gf13585253f (webtiles) character file.

Game seed: 4468015683369506045

91 qw the Shooter (level 4, -3/28 HPs)
             Began as a Gargoyle Hunter on Sept 7, 2023.
             Slain by an iguana (11 damage)
             ... on level 3 of the Dungeon.
             The game lasted 00:00:44 (1967 turns).

qw the Shooter (Gargoyle Hunter)                    Turns: 1967, Time: 00:00:45

Health: -3/28      AC: 10    Str: 14    XL:     4   Next: 57%
Magic:  4/4        EV: 10    Int: 10    God:
Gold:   149        SH:  0    Dex: 15    Spells: 3/3 levels left

rFire   . . .        Y - +0 shortbow
rCold   . . .        (shield currently unavailable)
rNeg    + . .        f - +0 ring mail
rPois   inf          l - +0 helmet
rElec   +            g - +0 cloak
rCorr   .            (no gloves)
SInv    .            (no boots)
Will    +....        (no amulet)
Stlth   +            j - ring of willpower
HPRegen 0.24/turn    (no ring)
MPRegen 0.09/turn

%: no passive effects
@: no status effects
A: sickness immunity, AC +3, negative energy resistance 1, electricity
resistance, torment resistance 1, petrification resistance
a: no special abilities


You were on level 3 of the Dungeon.
You visited 1 branch of the dungeon, and saw 3 of its levels.

You collected 149 gold pieces.


Innate Abilities, Weirdness & Mutations

You are immune to sickness and miasma.
Your stone body is resilient. (AC +3)
You are immune to poison.
You resist negative energy. (rN+)
You are resistant to electric shocks. (rElec)
You are resistant to unholy torment.
You are immune to petrification.


   Skills:
 - Level 3.0 Fighting
 + Level 5.3 Ranged Weapons
 - Level 1.1 Armour
 - Level 1.5 Dodging
 - Level 1.1 Stealth


You had 3 spell levels left.
You didn't know any spells.
Your spell library was empty.

Inventory:

Hand Weapons
 Y - a +0 shortbow (weapon)
Armour
 f - a +0 ring mail (worn)
 g - a +0 cloak (worn)
 l - a +0 helmet (worn)
Jewellery
 j - a ring of willpower (left hand)
Scrolls
 a - a scroll of revelation {unknown}
 b - a scroll of torment {unknown}
 i - a scroll of immolation {unknown}
Potions
 c - a potion of ambrosia {unknown}
 d - a potion of attraction {unknown}
 e - 2 potions of curing {unknown}
 h - a potion of magic {unknown}
 k - a potion of haste {unknown}

Dungeon Overview and Level Annotations

Branches:
Dungeon (3/15)

Altars:

Shops:
D:1 :


Message History

You shoot an arrow. The arrow hits the endoplasm.
The endoplasm is severely wounded.
You shoot an arrow. The arrow hits the endoplasm.
You kill the endoplasm!
Found an escape hatch in the floor.
You see here a dart slug corpse.
i - a scroll labelled ESTRUZE TOUXUASCHER You now have 149 gold pieces (gained 19).
An iguana comes into view.
Found a book of Dreams.
The iguana hisses angrily.
You shoot an arrow. The arrow hits the iguana.
The iguana is lightly wounded.
You shoot an arrow. The arrow hits the iguana.
The iguana is moderately wounded.
You shoot an arrow. The arrow hits the iguana.
The iguana is heavily wounded.
You shoot an arrow. The arrow hits the iguana.
The iguana is heavily wounded.
You shoot an arrow.
The arrow hits the iguana but does no damage.
The iguana is heavily wounded.
The iguana bites you.
The iguana bites you but does no damage.
You shoot an arrow. The arrow barely misses the iguana.
The iguana bites you!
You shoot an arrow. The arrow barely misses the iguana.
The iguana bites you but does no damage.
You shoot an arrow. The arrow hits the iguana.
The iguana is severely wounded.
The iguana bites you.
You shoot an arrow. The arrow hits the iguana.
The iguana is severely wounded.
The iguana bites you but does no damage.
The iguana bites you!
You shoot an arrow. The arrow closely misses the iguana.
The iguana closely misses you.
You shoot an arrow. The arrow closely misses the iguana.
The iguana bites you!
You die...

#...### .. #.:
#.... #. ..# ####.
#. #.#..#..# ##...
#. #..#..#.# ##..##
#.##...#...# #..##
....#..#..# #.##
#l#..#..#.# #.#
#@#...#...###.#
#.#.#..#..##..#
##.#...%...##.#####
#....####..##.###..
#.>................
#....#####..####...
###### #...........
#.#..####..#
...#.## #.##


You could see an iguana.

Vanquished Creatures
  An adder (D:2)
  5 worms (D:2)
  3 dart slugs
  5 endoplasms
  5 giant cockroaches
  7 hobgoblins
  2 jackals (D:1)
  2 quokkas (D:1)
  7 ball pythons
  6 bats
  2 frilled lizards
  5 goblins
  4 rats
  A spectral hobgoblin (D:1)
55 creatures vanquished.

Notes
Turn   | Place    | Note
-------+----------+-------------------------------------------
     0 | D:1      | qw the Gargoyle Hunter began the quest for the Orb.
     0 | D:1      | Reached XP level 1. HP: 12/12 MP: 1/1
     0 | D:1      | 0 ||| qw: Version: 0.3-a-76-g4403597
     0 | D:1      | 0 ||| qw: Game counter: 538
     0 | D:1      | 0 ||| qw: Melee chars always use a shield: true
     0 | D:1      | 0 ||| qw: God list: Okawaru
     0 | D:1      | 0 ||| qw: Allow faded altars: false
     0 | D:1      | 0 ||| qw: Do Orc after clearing Dungeon:15 true
     0 | D:1      | 0 ||| qw: Do second Lair branch before Depths: true
     0 | D:1      | 0 ||| qw: Lair rune preference: random
     0 | D:1      | 0 ||| qw: Goals: Normal
     0 | D:1      | 0 ||| PLANNING D:1-11
   170 | D:1      | Reached XP level 2. HP: 17/17 MP: 2/2
   194 | D:1      | Found a faded altar of an unknown god.
   398 | D:1      | Found Webuatac's Book Shop.
   800 | D:1      | 800 ||| UPGRADING to +0 ring mail.
   810 | D:1      | 810 ||| DROPPING +0 leather armour.
   811 | D:1      | 811 ||| UPGRADING to +0 cloak.
   816 | D:1      | 816 ||| UPGRADING to +0 helmet.
   821 | D:1      | 821 ||| UPGRADING to ring of willpower.
   822 | D:1      | 822 ||| READING scroll labelled EJORPH EM KUL.
   823 | D:1      | 823 ||| READING scroll labelled BAJAVI ZIOZI.
   824 | D:1      | 824 ||| READING scroll labelled OZXIUJ MI PAJ.
   825 | D:1      | 825 ||| DROPPING scroll of butterflies.
   860 | D:2      | 860 ||| STAIRDANCE
   865 | D:1      | Reached XP level 3. HP: 21/21 MP: 3/3
   872 | D:2      | 872 ||| STAIRDANCE
   960 | D:2      | Reached skill level 1 in Armour
  1034 | D:2      | Reached skill level 5 in Ranged Weapons
  1248 | D:2      | Reached skill level 3 in Fighting
  1248 | D:2      | Reached XP level 4. HP: 28/28 MP: 4/4
  1547 | D:2      | 1547 ||| READING scroll labelled JITSAN SU ZIRY.
  1548 | D:2      | 1548 ||| READING scroll labelled UCWUP XEAN.
  1649 | D:2      | 1649 ||| READING scroll labelled CUECAE VUVOHU.
  1965 | D:3      | HP: 7/28 [iguana (7)]
  1967 | D:3      | Slain by an iguana

Levels and vault maps discovered:
D:1:      mrwooster_arrival_statue_2, layout_basic,
          dreamdust_ecumenical_altar_drowned_temple, serial_shops, shop
D:2:      layout_loops_ring, minmay_three_crescents
D:3:      layout_rooms, minmay_misc_feat_diagonals, kennysheep_flooded_box

Skill      XL: |  1  2  3 |
---------------+----------+-----
Armour         | 1 |  1.1
Ranged Weapons | 5 |  5.3
Fighting       | 3 |  3.0
Dodging        | |  1.5
Stealth        | |  1.1

Action                     |  1- 3 |  4- 6 || total
---------------------------+-------+-------++-------
   Fire: Shortbow          |   122 |    60 ||   182
    Use: Scroll            |     3 |     3 ||     6
 Armour: Leather armour    |    22 |       ||    22
         Ring mail         |    10 |    17 ||    27
  Dodge: Dodged            |    29 |    15 ||    44

Table legend:
 A = Non-vault XP
 B = Vault XP
 C = Vault XP percentage of total XP
 D = Non-vault monster count
 E = Vault monster count
 F = Vault count percentage of total count
                 A         B        C        D         E       F
            +---------+---------+-------+---------+---------+-------
      Total |     118 |      12 |   9.2 |      48 |       7 |  12.7
            +---------+---------+-------+---------+---------+-------
        D:1 |      33 |       1 |   2.9 |      17 |       1 |   5.6
        D:2 |      62 |      11 |  15.1 |      20 |       6 |  23.1
        D:3 |      23 |       0 |   0.0 |      11 |       0 |   0.0
            +---------+---------+-------+---------+---------+-------
